 Dungeon Crawl Stone Soup version 0.22.1 (webtiles) character file.

720 IceCat the Chopper (level 8, 0/61 HPs)
             Began as a Formicid Abyssal Knight on Sept 18, 2018.
             Was a Believer of Lugonu.
             Slain by a gnoll sergeant
             ... wielding a +0 spear
              (1 damage)
             ... on level 4 of the Dungeon.
             The game lasted 00:11:25 (4266 turns).

IceCat the Chopper (Formicid Abyssal Knight)        Turns: 4266, Time: 00:11:25

Health: 0/61       AC:  8    Str: 21    XL:     8   Next: 2%
Magic:  10/10      EV: 11    Int: 13    God:    Lugonu [**....]
Gold:   150        SH:  0    Dex: 11    Spells: 7/7 levels left

rFire    + . .     SeeInvis +   a - +1 hand axe
rCold    . . .     Gourm    .   (no shield)
rNeg     . . .     Faith    .   o - +1 ring mail {rF+}
rPois    .         Spirit   .   (helmet unavailable)
rElec    .         Reflect  .   n - +0 cloak (curse)
rCorr    +         Harm     .   (no gloves)
MR       .....                  (no boots)
Stlth    +.........             (no amulet)
HPRegen  0.20/turn              j - +4 ring of strength
MPRegen  0.12/turn              q - ring of resist corrosion

@: no status effects
A: permanent stasis, dig shafts and tunnels, four strong arms, antennae 3
a: Dig, Shaft Self, Depart the Abyss, Bend Space, Renounce Religion


You were on level 4 of the Dungeon.
You worshipped Lugonu.
Lugonu was pleased with you.
You were near starving.

You visited 1 branch of the dungeon, and saw 5 of its levels.
You visited the Abyss 1 time.

You collected 150 gold pieces.

Inventory:

Hand Weapons
 a - a +1 hand axe (weapon)
Missiles
 r - 7 javelins (quivered)
Armour
 b - a +0 leather armour
 d - a +0 scale mail
 n - a cursed +0 cloak (worn)
 o - a +1 ring mail of fire resistance (worn)
Jewellery
 j - a +4 ring of strength (left hand)
 p - an uncursed ring of positive energy
 q - a ring of resist corrosion (right hand)
Scrolls
 f - 2 scrolls of noise {unknown}
 g - 5 scrolls of teleportation {unknown}
 h - a scroll of enchant armour {unknown}
 k - 2 scrolls of identify {unknown}
 m - a scroll of fog {unknown}
 s - 3 scrolls of enchant weapon {unknown}
 t - 4 scrolls of remove curse {unknown}
Potions
 e - a potion of agility {unknown}
 i - a potion of heal wounds {unknown}
 l - 2 potions of haste {unknown}
 u - a potion of berserk rage {unknown}
 v - a potion of curing {unknown}
 w - a potion of ambrosia {unknown}
 x - a potion of degeneration {unknown}
Comestibles
 c - 3 rations


   Skills:
 + Level 4.4 Fighting
 * Level 6.3 Axes
 + Level 0.6 Throwing
 + Level 4.4 Armour
 + Level 1.7 Dodging
 * Level 3.6 Invocations


You had 7 spell levels left.
You didn't know any spells.
Your spell library was empty.

Dungeon Overview and Level Annotations

Branches:
Dungeon (5/15)
 Temple: D:4-7

Altars:
Dithmenos
Elyvilon
Qazlal
Uskayaw
The Shining One

Annotations:
D:5 Eustachio


Innate Abilities, Weirdness & Mutations

You cannot be hasted, slowed, berserked, paralysed or teleported.
You can dig through walls and to a lower floor.
Your four strong arms can wield two-handed weapons with a shield.
You have a pair of large antennae on your head. (SInv)


Message History

You barely miss the gnoll. The gnoll closely misses you.
The gnoll hits you with a spear!
* * * LOW HITPOINT WARNING * * *
The gnoll sergeant barely misses you. The gnoll closely misses you.
You hit the gnoll sergeant but do no damage.
The gnoll sergeant is moderately wounded.
You hit the gnoll. x3; The gnoll hits you with a halberd!
* * * LOW HITPOINT WARNING * * *
The gnoll barely misses you.
The gnoll sergeant hits you with a spear.
* * * LOW HITPOINT WARNING * * *
The gnoll hits you with a spear.
* * * LOW HITPOINT WARNING * * *
Okay, then.
You hit the gnoll sergeant but do no damage.
The gnoll sergeant is moderately wounded.
You hit the gnoll. x3; The gnoll misses you.
The gnoll hits you but does no damage.
The gnoll sergeant hits you with a spear.
You die...

#......# #......# #......#
###### #......#####
#....##### #.........[.
#..#.....## #......#####
##'#####..# #......#
#[..#####.##### ##......#
#.(.#......g@g###.......#
#...#......gg†..........# ##
#####............######.####.
#..........(...###)..<.....
#..................##..####
#..#...............##..###.
#..#.......................
#(.#.....#####......##.....
#......#.#####.###.........


You could see a gnoll sergeant and 3 gnolls.

Vanquished Creatures
  Grinder (D:4)
  An ogre (D:2)
  Blork the orc (D:4)
  A hound (D:3)
  Jessica (D:2)
  Ijyb (D:3)
  Terence (D:2)
  Natasha (twice) (D:3)
  3 worker ants
  2 gnolls (D:4)
  4 adders
  An ooze (D:3)
  An adder skeleton (D:4)
  3 dart slugs
  3 leopard geckos
  3 orcs (D:3)
  16 bats
  4 giant cockroaches
  5 goblins
  11 hobgoblins
  5 jackals
  A ball python (D:1)
  6 frilled lizards
  8 kobolds
  8 rats
93 creatures vanquished.

Notes
Turn   | Place    | Note
-------+----------+-------------------------------------------
     0 | Abyss:1  | IceCat the Formicid Abyssal Knight began the quest for the
                  | Orb.
     0 | Abyss:1  | Reached XP level 1. HP: 18/18 MP: 2/2
    29 | Abyss:1  | Noticed an apocalypse crab
    57 | D:1      | Escaped the Abyss
   115 | D:1      | Reached XP level 2. HP: 18/24 MP: 3/3
   115 | D:1      | Reached * piety under Lugonu
   234 | D:1      | Reached XP level 3. HP: 22/29 MP: 5/5
   304 | D:1      | Reached skill level 1 in Dodging
   771 | D:2      | Reached skill level 3 in Axes
   771 | D:2      | Reached XP level 4. HP: 21/37 MP: 6/6
   930 | D:2      | Noticed Terence
   931 | D:2      | Reached ** piety under Lugonu
   949 | D:2      | Killed Terence
  1031 | D:2      | Noticed Jessica
  1041 | D:2      | Killed Jessica
  1041 | D:2      | Reached XP level 5. HP: 22/42 MP: 7/7
  1330 | D:2      | Noticed an ogre
  1358 | D:3      | Reached skill level 4 in Axes
  1671 | D:2      | Reached XP level 6. HP: 48/48 MP: 8/8
  1672 | D:2      | Found a stormy altar of Qazlal.
  1717 | D:2      | Found a hide-covered altar of Uskayaw.
  2079 | D:3      | Noticed Natasha
  2089 | D:3      | Killed Natasha
  2107 | D:3      | Noticed Ijyb
  2116 | D:3      | Noticed Natasha
  2372 | D:2      | Killed an ogre
  2372 | D:2      | Reached skill level 5 in Axes
  2451 | D:3      | Found a white marble altar of Elyvilon.
  2451 | D:3      | Found a shadowy altar of Dithmenos.
  2452 | D:3      | Found a glowing golden altar of the Shining One.
  2873 | D:4      | Noticed Grinder
  2989 | D:3      | Killed Natasha
  3008 | D:4      | Noticed Blork the orc
  3021 | D:3      | HP: 2/48 [disintegration (9)]
  3319 | D:3      | Killed Ijyb
  3319 | D:3      | Reached XP level 7. HP: 54/54 MP: 9/9
  3397 | D:4      | Killed Grinder
  3561 | D:4      | Reached skill level 6 in Axes
  3579 | D:4      | Killed Blork the orc
  4024 | D:5      | Entered Level 5 of the Dungeon
  4039 | D:5      | Noticed Eustachio
  4119 | D:5      | Noticed a hungry ghost
  4159 | D:4      | Reached XP level 8. HP: 42/61 MP: 10/10
  4265 | D:4      | HP: 2/61 [gnoll sergeant/spear (2)]
  4266 | D:4      | Slain by a gnoll sergeant

Skill      XL: |  1  2  3  4  5  6  7 |
---------------+----------------------+-----
Dodging        | 1 |  1.7
Axes           | 3 4 5 6 |  6.3
Armour         | 3 4 |  4.4
Fighting       | 4 |  4.4
Invocations    | 3 |  3.6
Throwing       | |  0.6

Action                   |  1- 3 |  4- 6 |  7- 9 || total
-------------------------+-------+-------+-------++-------
Melee: Hand axe          |    96 |   166 |    94 ||   356
Throw: Javelin           |       |     6 |       ||     6
Invok: Depart the Abyss  |     1 |       |       ||     1
       Bend Space        |       |     2 |       ||     2
  Eat: Chunk             |       |     7 |     2 ||     9
Armor: Scale mail        |    58 |    83 |       ||   141
       Ring mail         |       |       |    46 ||    46
Dodge: Dodged            |    91 |   105 |    83 ||   279
